 Dungeon Crawl Stone Soup version 0.29.0-4-gdea44cf6ec (webtiles) character file.

Game seed: 11856014998535631375

20 Destructed3 the Ducker (level 2, -4/29 HPs)
             Began as a Gnoll Wanderer on Aug 27, 2022.
             Slain by a worm (7 damage)
             ... on level 2 of the Dungeon.
             The game lasted 00:01:50 (1748 turns).

Destructed3 the Ducker (Gnoll Wanderer)             Turns: 1748, Time: 00:01:50

Health: -4/29      AC:  5    Str: 14    XL:     2   Next: 79%
Magic:  3/3        EV: 13    Int: 10    God:
Gold:   68         SH:  0    Dex:  9    Spells: 2/2 levels left

rFire   . . .      SeeInvis .   a - +0 club
rCold   . . .      Faith    .   (no shield)
rNeg    . . .      Spirit   .   c - +2 leather armour
rPois   .          Reflect  .   (no helmet)
rElec   .          Harm     .   (no cloak)
rCorr   .          Rampage  .   (no gloves)
Will    .....                   (no boots)
Stlth   ++........              (no amulet)
HPRegen 0.09/turn               (no ring)
MPRegen 0.08/turn               (no ring)

@: no status effects
A: fangs 1, strong nose, distributed training
a: no special abilities


You were on level 2 of the Dungeon.
You visited 1 branch of the dungeon, and saw 2 of its levels.

You collected 68 gold pieces.

Inventory:

Hand Weapons
 a - a +0 club (weapon)
Armour
 c - a +2 leather armour (worn)
Scrolls
 b - 4 scrolls of fog
 e - 2 scrolls of identify {unknown}
 h - a scroll of enchant armour {unknown}
 i - 3 scrolls of teleportation {unknown}
Potions
 d - a potion of degeneration {unknown}
 f - a potion of curing {unknown}
 g - a potion of haste {unknown}


   Skills:
 + Level 6.5 Fighting
 + Level 0.5 Short Blades
 + Level 0.5 Long Blades
 + Level 0.5 Axes
 + Level 0.5 Maces & Flails
 + Level 0.5 Polearms
 + Level 0.5 Staves
 + Level 0.5 Ranged Weapons
 + Level 0.5 Throwing
 + Level 4.5 Armour
 + Level 6.5 Dodging
 + Level 2.3 Stealth
 + Level 0.5 Shields
 + Level 0.5 Unarmed Combat
 + Level 0.5 Spellcasting
 + Level 0.4 Conjurations
 + Level 0.4 Hexes
 + Level 0.4 Summonings
 + Level 0.4 Necromancy
 + Level 0.4 Translocations
 + Level 0.4 Transmutations
 + Level 0.4 Fire Magic
 + Level 0.4 Ice Magic
 + Level 0.4 Air Magic
 + Level 0.4 Earth Magic
 + Level 0.4 Poison Magic
 + Level 2.5 Invocations
 + Level 0.5 Evocations


You had 2 spell levels left.
You didn't know any spells.
Your spell library contained the following spells:

 Spells                   Type           Power      Damage    Failure   Level
 Apportation              Tloc           2%         N/A       36%         1
 Necrotise                Necr           4%         1d4       36%         1
 Summon Small Mammal      Summ           4%         N/A       36%         1
 Cause Fear               Hex            0%         N/A       98%         4
 Dragon Form              Tmut           0%         N/A       100%        7
 Dragon's Call            Summ           0%         N/A       100%        9


Dungeon Overview and Level Annotations

Branches:
Dungeon (2/15)

Altars:


Innate Abilities, Weirdness & Mutations

You have very sharp teeth.
Your uncanny sense of smell can sniff out nearby items.
Your experience applies equally to all skills.


Message History

The jackal bites you but does no damage.
The worm bites you.
You hit the quokka.
The quokka is almost dead.
The jackal bites you. The goblin closely misses you.
The quokka closely misses you. The goblin misses you. The jackal bites you.
You completely miss the quokka.
The quokka is severely wounded.
The quokka closely misses you. The jackal closely misses you.
The worm bites you. The quokka bites you. The goblin closely misses you.
You hit the quokka.
You kill the quokka!
The jackal bites you but does no damage.
The jackal misses you. The goblin misses you.
The worm bites you but does no damage.
You hit the goblin.
The goblin is heavily wounded.
The jackal closely misses you.
The goblin hits you but does no damage. x2
The jackal closely misses you. The worm completely misses you.
The goblin hits you with a +0 club. The goblin barely misses you.
You barely miss the goblin.
The goblin is heavily wounded.
The jackal closely misses you.
The jackal bites you but does no damage.
The goblin barely misses you. The goblin misses you.
You hit the goblin.
You kill the goblin!
The jackal barely misses you. The worm barely misses you.
The goblin closely misses you. The jackal bites you.
You barely miss the jackal.
The jackal bites you but does no damage.
The goblin hits you with a +0 club. The worm bites you!
* * * LOW HITPOINT WARNING * * *
You hit the jackal but do no damage. The jackal barely misses you.
The goblin hits you but does no damage. The jackal barely misses you.
The worm completely misses you. The goblin barely misses you.
You barely miss the jackal. The jackal barely misses you. The jackal bites you.
* * * LOW HITPOINT WARNING * * *
The goblin misses you. The worm bites you!
You die...

.........
##.......##
...>.....# .
##.......## ..
#.........#
...##.......##
#.....)gw....#
#.#@#.# #.h.#.#
#.#####.#.#####
..............+
....####......# ..
##.###...
....#.###.########
....+.............
...#.###.#######.


You could see a worm, a jackal and a goblin.

Vanquished Creatures
  2 endoplasms (D:1)
  4 goblins
  2 hobgoblins
  2 kobolds
  3 quokkas
  A bat (D:1)
  2 frilled lizards (D:1)
  A rat (D:1)
17 creatures vanquished.

Notes
Turn   | Place    | Note
-------+----------+-------------------------------------------
     0 | D:1      | Destructed3 the Gnoll Wanderer began the quest for the Orb.
     0 | D:1      | Destructed3 set off with the following items: a +0 club, 3
                  | scrolls of fog, a +2 leather armour.
     0 | D:1      | Reached XP level 1. HP: 23/23 MP: 2/2
   728 | D:1      | Reached XP level 2. HP: 22/29 MP: 3/3
  1748 | D:2      | Slain by a worm

Illustrated notes

Levels and vault maps discovered:
D:1:      dpeg_arrival_leaves_temple_mockup, layout_basic,
          serial_co_window_serial, co_window_paths_a, co_window_paths_a,
          co_window_corner_a, co_window_corner_a, co_window_of_opportunity_a,
          co_window_broadway_c, co_window_broadway_a, co_window_unsneaky_path_d,
          minmay_misc_feat_room
D:2:      layout_basic, st_stairs_4, kennysheep_generic_room_13

Action                   || total
-------------------------++-------
Melee: Club              ||    99
       Bite              ||     4
       Punch             ||     1
Armor: Leather armour    ||    38
Dodge: Dodged            ||    86
